SAAA
PAWNEE PARKSNREC @ HIALEAH DODOS
08/21/2037
 
TOP OF THE 1ST
Pawnee ParksNRec batting - Pitching for Hialeah Dodos : RHP Érico Laborde
Pitching: RHP Érico Laborde
Batting: LHB Stanley Belote 0-0: Ball
1-0: Fly out, F3 (Line Drive, 3, EV 71.2 MPH)
Batting: RHB Charles Atkinson 0-0: Called Strike
0-1: Foul Ball, location: 2F
0-2: Ball
1-2: Ball
2-2: Fly out, F4 (Popup, 4, EV 80.6 MPH)
Batting: RHB Josh Mawdesley 0-0: Ball
1-0: Fly out, F5 (Popup, 5SF, EV 78.1 MPH)
Top of the 1st over - 0 runs, 0 hits, 0 errors, 0 left on base; Pawnee 0 - Hialeah 0
BOTTOM OF THE 1ST
Hialeah Dodos batting - Pitching for Pawnee ParksNRec : LHP Jo Yamasaki
Pitching: LHP Jo Yamasaki
Batting: SHB Arvo Helminen 0-0: Foul Ball, location: 2F
0-1: Ball
1-1: Ground out 6-3 (Groundball, 6, EV 85.6 MPH)
Batting: RHB Gabrio Campoverde 0-0: Ball
1-0: SINGLE (Line Drive, 78M, EV 89.4 MPH)
Batting: RHB Nick Boyd 0-0: Foul Ball, location: 2F
0-1: Ball
1-1: Fly out, F8 (Flyball, 89XD, EV 93.1 MPH)
Batting: RHB Jon Deal 0-0: Ball
1-0: Foul Ball, location: 2F
1-1: Foul Ball, location: 2F
1-2: Foul Ball, location: 2F
1-2: Ball
Gabrio Campoverde steals 2nd base
2-2: Ball
3-2: Reached on error, E3 (Groundball, 34, EV 99.4 MPH)
Gabrio Campoverde to third
Batting: RHB Dan Chrzan 0-0: Foul Ball, location: 2F
0-1: Ground out U3 (Groundball, 34, EV 77.5 MPH)
Bottom of the 1st over - 0 runs, 1 hit, 1 error, 2 left on base; Pawnee 0 - Hialeah 0
TOP OF THE 2ND
Pawnee ParksNRec batting - Pitching for Hialeah Dodos : RHP Érico Laborde
Batting: RHB Sinclair Bothof 0-0: Called Strike
0-1: SINGLE (Groundball, 34, EV 83.8 MPH) (infield hit)
Batting: RHB Robin Colwill 0-0: Called Strike
0-1: SINGLE (Line Drive, 4D, EV 94.4 MPH)
Sinclair Bothof to second
Runner from 2nd tries for 3rd, SAFE, no throw by CF
Batting: RHB Alejandro Carrillo 0-0: Foul Ball, location: 2F
0-1: Swinging Strike
0-2: Foul Ball, location: 2F
0-2: Ball
1-2: Foul Ball, location: 2F
1-2: Strikes out swinging
Batting: RHB Jeremy Geertsen 0-0: DOUBLE (Line Drive, 3D, EV 98.8 MPH)
Sinclair Bothof scores
Robin Colwill to third
Runner from 3rd tries for Home, SAFE, no throw by RF
Batting: RHB Bill Perkins 0-0: Ball
1-0: Called Strike
1-1: Fly out, F4 (Popup, 34, EV 78.8 MPH)
Batting: RHB Roberto Aguirre 0-0: Ball
1-0: Fly out, F7 (Flyball, 78D, EV 102.5 MPH)
Top of the 2nd over - 2 runs, 3 hits, 0 errors, 1 left on base; Pawnee 2 - Hialeah 0
BOTTOM OF THE 2ND
Hialeah Dodos batting - Pitching for Pawnee ParksNRec : LHP Jo Yamasaki
Batting: RHB Paul Byrd 0-0: Called Strike
0-1: Called Strike
0-2: Ball
1-2: Fly out, F9 (Flyball, 9LS, EV 93.1 MPH)
Batting: RHB Chet Hollis 0-0: SINGLE (Groundball, 56D, EV 99.4 MPH)
Batting: RHB Ernesto Trevino 0-0: Ball
1-0: Foul Ball, location: 2F
1-1: Swinging Strike
1-2: Foul Ball, location: 2F
1-2: Strikes out swinging
Batting: RHB Richard Sonntag 0-0: Ball
1-0: Called Strike
1-1: Ball
2-1: Fly out, F9 (Flyball, 89D, EV 110.0 MPH)
Bottom of the 2nd over - 0 runs, 1 hit, 0 errors, 1 left on base; Pawnee 2 - Hialeah 0
TOP OF THE 3RD
Pawnee ParksNRec batting - Pitching for Hialeah Dodos : RHP Érico Laborde
Batting: LHB Stanley Belote 0-0: Called Strike
0-1: Ball
1-1: Foul Ball, location: 2F
1-2: Foul Ball, location: 2F
1-2: Foul Ball, location: 2F
1-2: Ball
2-2: Ball
3-2: Ground out 4-3 (Groundball, 4, EV 80.6 MPH)
Batting: RHB Charles Atkinson 0-0: Called Strike
0-1: Ball
1-1: Swinging Strike
1-2: Foul Ball, location: 2F
1-2: Strikes out swinging
Batting: RHB Josh Mawdesley 0-0: Foul Ball, location: 2F
0-1: Foul Ball, location: 2F
0-2: Ground out 6-3 (Groundball, 6M, EV 81.2 MPH)
Top of the 3rd over - 0 runs, 0 hits, 0 errors, 0 left on base; Pawnee 2 - Hialeah 0
BOTTOM OF THE 3RD
Hialeah Dodos batting - Pitching for Pawnee ParksNRec : LHP Jo Yamasaki
Batting: SHB Arvo Helminen 0-0: Ball
1-0: Ground out 4-3 (Groundball, 4, EV 88.8 MPH)
Batting: RHB Gabrio Campoverde 0-0: Ball
1-0: Called Strike
1-1: Called Strike
1-2: Ball
2-2: Ball
3-2: Foul Ball, location: 2F
3-2: Base on Balls
Batting: RHB Nick Boyd 0-0: Foul Ball, location: 2F
0-1: Ball
1-1: Ball
2-1: Swinging Strike
2-2: Ball
3-2: Base on Balls
Gabrio Campoverde to second
Batting: RHB Jon Deal 0-0: Called Strike
0-1: Ball
1-1: Called Strike
1-2: Ball
2-2: SINGLE (Line Drive, 34, EV 99.4 MPH)
Gabrio Campoverde to third
Nick Boyd to second
Runner from 3rd tries for Home, SAFE, throw by RF to home
Batting: RHB Dan Chrzan 0-0: Called Strike
0-1: Called Strike
0-2: Ball
1-2: Fly out, F4 (Popup, 4S, EV 82.5 MPH)
Batting: RHB Paul Byrd 0-0: Fielders Choice at 2nd, 6-4 (Groundball, 6, EV 89.4 MPH)
Bottom of the 3rd over - 1 run, 1 hit, 0 errors, 2 left on base; Pawnee 2 - Hialeah 1
TOP OF THE 4TH
Pawnee ParksNRec batting - Pitching for Hialeah Dodos : RHP Érico Laborde
Batting: RHB Sinclair Bothof 0-0: Ball
1-0: SINGLE (Groundball, 4MD, EV 93.8 MPH)
Batting: RHB Robin Colwill 0-0: Foul Ball, location: 2F
0-1: SINGLE (Groundball, 6MD, EV 100.6 MPH)
Sinclair Bothof to second
Runner from 2nd tries for 3rd, SAFE, no throw by CF
Batting: RHB Alejandro Carrillo 0-0: Ball
1-0: Ball
2-0: SINGLE (Groundball, 6MD, EV 105.6 MPH)
Sinclair Bothof scores
Robin Colwill to second
Runner from 2nd tries for 3rd, SAFE, no throw by CF
Batting: RHB Jeremy Geertsen 0-0: Swinging Strike
0-1: Fielders Choice at 2nd, 5-4 (Groundball, 5, EV 88.1 MPH)
Robin Colwill scores
Batting: RHB Bill Perkins 0-0: Swinging Strike
0-1: Foul Ball, location: 2F
0-2: SINGLE (Groundball, 5D, EV 100.0 MPH)
Jeremy Geertsen to second
Batting: RHB Roberto Aguirre 0-0: Foul Ball, location: 2F
0-1: Foul Ball, location: 2F
0-2: Foul Ball, location: 2F
0-2: Foul Ball, location: 2F
0-2: Ball
1-2: Fly out, F9 (Flyball, 89S, EV 76.9 MPH)
Batting: LHB Stanley Belote 0-0: Fly out, F8 (Flyball, 8LM, EV 83.8 MPH)
Top of the 4th over - 2 runs, 4 hits, 0 errors, 2 left on base; Pawnee 4 - Hialeah 1
BOTTOM OF THE 4TH
Hialeah Dodos batting - Pitching for Pawnee ParksNRec : LHP Jo Yamasaki
Batting: RHB Chet Hollis 0-0: SINGLE (Flyball, 8LS, EV 88.1 MPH)
Batting: RHB Ernesto Trevino 0-0: Ball
1-0: Ball
2-0: Called Strike
2-1: Called Strike
2-2: Ball
3-2: Strikes out swinging
Batting: RHB Richard Sonntag 0-0: Foul Ball, location: 2F
0-1: Called Strike
0-2: Ball
1-2: SINGLE (Groundball, 34D, EV 96.2 MPH)
Chet Hollis to second
Runner from 2nd tries for 3rd, SAFE, throw by RF made to third
Batting: SHB Arvo Helminen 0-0: Ball
1-0: Called Strike
1-1: Ball
2-1: SINGLE (Line Drive, 7LS, EV 105.6 MPH)
Chet Hollis scores
Richard Sonntag to second
Batting: RHB Gabrio Campoverde 0-0: Called Strike
0-1: 3-RUN HOME RUN (Flyball, 7D, EV 95.6 MPH), Distance : 365 ft
Batting: RHB Nick Boyd 0-0: Swinging Strike
0-1: Foul Ball, location: 2F
0-2: Strikes out swinging
Batting: RHB Jon Deal 0-0: Ball
1-0: Swinging Strike
1-1: Ball
2-1: Swinging Strike
2-2: Foul Ball, location: 2F
2-2: Strikes out swinging
Bottom of the 4th over - 4 runs, 4 hits, 0 errors, 0 left on base; Pawnee 4 - Hialeah 5
TOP OF THE 5TH
Pawnee ParksNRec batting - Pitching for Hialeah Dodos : RHP Érico Laborde
Batting: RHB Charles Atkinson 0-0: Fly out, F8 (Flyball, 8LM, EV 88.8 MPH)
Batting: RHB Josh Mawdesley 0-0: Called Strike
0-1: Swinging Strike
0-2: Ball
1-2: Ball
2-2: Strikes out swinging
Batting: RHB Sinclair Bothof 0-0: Ground out 5-3 (Groundball, 56, EV 91.2 MPH)
Top of the 5th over - 0 runs, 0 hits, 0 errors, 0 left on base; Pawnee 4 - Hialeah 5
BOTTOM OF THE 5TH
Hialeah Dodos batting - Pitching for Pawnee ParksNRec : LHP Jo Yamasaki
Batting: RHB Dan Chrzan 0-0: Ball
1-0: Foul Ball, location: 2F
1-1: Fly out, F7 (Flyball, 7S, EV 85.6 MPH)
Batting: RHB Paul Byrd 0-0: Ball
1-0: Fly out, F3 (Popup, 3, EV 66.2 MPH)
Batting: RHB Chet Hollis 0-0: Ball
1-0: Ground out 6-3 (Groundball, 6, EV 103.8 MPH)
Bottom of the 5th over - 0 runs, 0 hits, 0 errors, 0 left on base; Pawnee 4 - Hialeah 5
TOP OF THE 6TH
Pawnee ParksNRec batting - Pitching for Hialeah Dodos : RHP Érico Laborde
Batting: RHB Robin Colwill 0-0: Called Strike
0-1: Ball
1-1: Swinging Strike
1-2: Ground out 6-3 (Groundball, 56, EV 101.9 MPH)
Batting: RHB Alejandro Carrillo 0-0: Ball
1-0: Foul Ball, location: 2F
1-1: Ball
2-1: Ground out 1-3 (Groundball, 34S, EV 82.5 MPH)
Batting: RHB Jeremy Geertsen 0-0: Called Strike
0-1: Foul Ball, location: 2F
0-2: Ball
1-2: Foul Ball, location: 2F
1-2: Fly out, F7 (Flyball, 78D, EV 94.4 MPH)
Top of the 6th over - 0 runs, 0 hits, 0 errors, 0 left on base; Pawnee 4 - Hialeah 5
BOTTOM OF THE 6TH
Hialeah Dodos batting - Pitching for Pawnee ParksNRec : LHP Jo Yamasaki
Batting: RHB Ernesto Trevino 0-0: Ball
1-0: Called Strike
1-1: Ball
2-1: Ground out U3 (Groundball, 3L, EV 111.2 MPH)
Batting: RHB Richard Sonntag 0-0: Called Strike
0-1: Ball
1-1: Ball
2-1: Ball
3-1: Base on Balls
Batting: SHB Arvo Helminen 0-0: Ball
1-0: Called Strike
1-1: Foul Ball, location: 2F
1-2: Strikes out swinging
Batting: RHB Gabrio Campoverde 0-0: Called Strike
0-1: Ball
1-1: Fly out, F8 (Line Drive, 8LM, EV 93.8 MPH)
Bottom of the 6th over - 0 runs, 0 hits, 0 errors, 1 left on base; Pawnee 4 - Hialeah 5
TOP OF THE 7TH
Pawnee ParksNRec batting - Pitching for Hialeah Dodos : RHP Érico Laborde
Pitching: LHP Hakan Yilmanz
Batting: RHB Bill Perkins 0-0: Ball
1-0: Ground out 6-3 (Groundball, 6M, EV 80.0 MPH)
Batting: RHB Roberto Aguirre 0-0: Foul Ball, location: 2F
0-1: Foul Ball, location: 2F
0-2: Ball
1-2: Ball
2-2: Ball
3-2: Strikes out swinging
Batting: LHB Stanley Belote 0-0: Foul Ball, location: 2F
0-1: Fly out, F5 (Popup, 56S, EV 81.9 MPH)
Top of the 7th over - 0 runs, 0 hits, 0 errors, 0 left on base; Pawnee 4 - Hialeah 5
BOTTOM OF THE 7TH
Hialeah Dodos batting - Pitching for Pawnee ParksNRec : LHP Jo Yamasaki
Pitching: RHP Milton Mathews
Batting: RHB Nick Boyd 0-0: Foul Ball, location: 2F
0-1: Ball
1-1: Called Strike
1-2: Foul Ball, location: 2F
1-2: Ball
2-2: Ball
3-2: Fly out, F7 (Flyball, 7D, EV 100.0 MPH)
Batting: RHB Jon Deal 0-0: Ball
1-0: Foul Ball, location: 2F
1-1: Foul Ball, location: 2F
1-2: Strikes out swinging
Batting: RHB Dan Chrzan 0-0: Ball
1-0: Swinging Strike
1-1: Foul Ball, location: 2F
1-2: Foul Ball, location: 2F
1-2: Ball
2-2: Ground out 4-3 (Groundball, 4, EV 84.4 MPH)
Bottom of the 7th over - 0 runs, 0 hits, 0 errors, 0 left on base; Pawnee 4 - Hialeah 5
TOP OF THE 8TH
Pawnee ParksNRec batting - Pitching for Hialeah Dodos : LHP Hakan Yilmanz
Batting: RHB Charles Atkinson 0-0: Called Strike
0-1: Ball
1-1: Fly out, F8 (Line Drive, 8RM, EV 95.0 MPH)
Batting: RHB Josh Mawdesley 0-0: Called Strike
0-1: Ball
1-1: Ball
2-1: Fly out, F9 (Flyball, 89S, EV 92.5 MPH)
Batting: RHB Sinclair Bothof 0-0: Ball
1-0: Ball
2-0: Called Strike
2-1: Fly out, F8 (Flyball, 8LM, EV 84.4 MPH)
Top of the 8th over - 0 runs, 0 hits, 0 errors, 0 left on base; Pawnee 4 - Hialeah 5
BOTTOM OF THE 8TH
Hialeah Dodos batting - Pitching for Pawnee ParksNRec : RHP Milton Mathews
Batting: RHB Paul Byrd 0-0: Ground out 5-3 (Groundball, 56S, EV 69.4 MPH)
Batting: RHB Chet Hollis 0-0: Called Strike
0-1: Ball
1-1: Foul Ball, location: 2F
1-2: Ball
2-2: Ball
3-2: Fly out, F7 (Line Drive, 7, EV 95.0 MPH)
Batting: RHB Ernesto Trevino 0-0: Ball
1-0: Ball
2-0: Ground out 5-3 (Groundball, 56, EV 88.1 MPH)
Bottom of the 8th over - 0 runs, 0 hits, 0 errors, 0 left on base; Pawnee 4 - Hialeah 5
TOP OF THE 9TH
Pawnee ParksNRec batting - Pitching for Hialeah Dodos : LHP Hakan Yilmanz
Pitching: RHP Kenny Hannah
Now in RF: Iikka Karpinen
Batting: RHB Robin Colwill 0-0: Ball
1-0: Foul Ball, location: 2F
1-1: Foul Ball, location: 2F
1-2: Ball
2-2: Foul Ball, location: 2F
2-2: Ball
3-2: Base on Balls
Batting: RHB Alejandro Carrillo 0-0: Ball
1-0: Bunted foul
1-1: Ball
2-1: Sac Bunt to 2L - play at first, batter OUT! 2-4
Robin Colwill to second
Pinch Hitting: LHB Vance Corkum 0-0: Ball
1-0: Ball
2-0: Swinging Strike
2-1: Ball
3-1: Foul Ball, location: 2F
3-2: Base on Balls
Batting: RHB Bill Perkins 0-0: Ball
1-0: Ball
2-0: Ball
3-0: Foul Ball, location: 2F
3-1: Swinging Strike
3-2: Strikes out swinging
Pinch Hitting: RHB Xi-ku See-to 0-0: Ball
1-0: Foul Ball, location: 2F
1-1: Ball
2-1: Foul Ball, location: 2F
2-2: Foul Ball, location: 2F
2-2: Fly out, F9 (Flyball, 89M, EV 88.1 MPH)
Top of the 9th over - 0 runs, 0 hits, 0 errors, 2 left on base; Pawnee 4 - Hialeah 5
Thursday, January 23rd, 2020 - OOTP Baseball 20.8 Build 74